 Dungeon Crawl Stone Soup version 0.30-a0-870-gc5d4c5acee (webtiles) character file.

Game seed: 8382340328279376572

193 Jannitor the Trooper (level 6, 0/47 HPs)
             Began as a Djinni Chaos Knight on Mar 11, 2023.
             Was a Plaything of Xom.
             Slain by an orc
             ... wielding a +0 mace
              (7 damage)
             ... on level 4 of the Dungeon.
             The game lasted 00:03:19 (2813 turns).

Jannitor the Trooper (Djinni Chaos Knight)          Turns: 2813, Time: 00:03:19

Health: 0/47       AC:  4    Str: 13    XL:     6   Next: 3%
Gold:   173        EV: 12    Int: 15    God:    Xom [..*...] SH:  0 Dex: 13

rFire   + + .      SeeInvis .    a - +0 short sword (chaos)
rCold   x . .      Faith    .    (no shield)
rNeg    . . .      Spirit   .    s - +1 leather armour "Rebesec" {Will+ Str+2}
rPois   ∞          Reflect  .    (no helmet)
rElec   .          Rampage  .    (no cloak)
rCorr   .                        (no gloves)
Will    +....                    (boots unavailable)
Stlth   ++                       (no amulet)
HPRegen 0.27/turn                (no ring)
MPRegen 0.00/turn                (no ring)

@: brilliant, flying
A: sickness immunity, fire resistance 2, cold vulnerability 1, float, innate
caster, HP casting, extra vitality 1
a: Renounce Religion


You were on level 4 of the Dungeon.
You worshipped Xom.
You were a toy of Xom.
You visited 1 branch of the dungeon, and saw 4 of its levels.

You collected 173 gold pieces.

Inventory:

Hand Weapons
 a - a +0 short sword of chaos (weapon)
Missiles
 l - 5 curare-tipped darts
Armour
 b - a +3 leather armour
 s - the +1 leather armour "Rebesec" (worn) {Will+ Str+2}
   (You found it on level 4 of the Dungeon)

   Str:       It affects your strength (+2).
   Will:      It increases your willpower.
Jewellery
 u - a ring of wizardry
Scrolls
 d - a scroll of identify
 e - a scroll of amnesia
 m - 2 scrolls of vulnerability
 o - a scroll of teleportation {unknown}
 p - 2 scrolls of poison {unknown}
 t - a scroll of immolation {unknown}
Potions
 f - a potion of curing {unknown}
 g - a potion of mutation {unknown}
 h - a potion of resistance {unknown}
 i - a potion of cancellation {unknown}
 j - a potion of haste {unknown}
 n - a potion of degeneration {unknown}
 q - a potion of flight
 r - a potion of heal wounds {unknown}
Miscellaneous
 c - a piece from Xom's chessboard (15/15) (quivered)


   Skills:
 + Level 3.8 Fighting
 + Level 3.4 Short Blades
 - Level 1.0 Armour
 + Level 3.3 Dodging
 + Level 1.9 Stealth
 + Level 1.4 Spellcasting


You knew the following spells:

 Your Spells              Type           Power      Damage    Failure   Level
a - Kiss of Death         Conj/Necr      32%        2d7       16%         1
b - Static Discharge      Conj/Air       16%        2-3/arc   24%         2
Your spell library was empty.

Dungeon Overview and Level Annotations

Branches:
Dungeon (4/15)
 Temple: D:4-7

Altars:
Makhleb
Zin

Annotations:
D:3 2 transporters, corax's ghost, amateur MiFi


Innate Abilities, Weirdness & Mutations

You are immune to sickness and miasma.
You are immune to poison.
Your flesh is very heat resistant. (rF++)
You are vulnerable to cold. (rC-)
You float through the air rather than walking.
You learn spells naturally, not from books.
Your magical power is your life essence.
You have superior vitality. (+4 MHP)


Message History

Xom's attention almost turns to you for a moment.
A monocle briefly appears over your left eye.
You closely miss the orc priest. The orc priest closely misses you.
You hit the orc priest.
Lightning courses through the orc priest!
You kill the orc priest!
You have reached level 6!
You closely miss the orc priest.
The orc priest miscasts a cantrip.
You hit the orc priest but do no damage.
You hit the orc priest. You burn the orc priest.
The orc priest is moderately wounded.
The orc priest calls down the wrath of Beogh upon you.
Beogh smites you!
You hit the orc priest but do no damage.
The orc priest is moderately wounded.
The orc priest looks encouraged for a moment.
The orc priest misses you.
You hit the orc priest. You freeze the orc priest.
The orc priest is heavily wounded.
The orc priest invokes the aid of Beogh against you.
Beogh smites you!
A shower of butterflies erupts from you!
You barely miss the orc priest.
The orc priest is heavily wounded.
You barely miss the orc.
The orc priest mumbles some strange prayers to Beogh against you.
Beogh smites you!
* * * LOW HITPOINT WARNING * * *
It was a potion of flight.
You feel more buoyant.
Xom thinks this is hilarious!
The orc barely misses you.
The orc priest calls upon Beogh to heal the orc priest.
The orc priest is healed somewhat.
It was a potion of brilliance.
You feel clever all of a sudden. The orc hits you with a +0 mace!
You die...
Xom thinks this is hilarious!

######## #......#
#......# #......#
#......##########
##.....('......b.#
#.......########b#
#.........# #@#
#........[# #o#
###.......### #o#
####......# #o#
######......# #o#
....##......# #.#
........##### #.#
.............. ...
....##########


You could see 2 orc priests and 2 orcs.

Vanquished Creatures
  2 orc priests (D:4)
  An iguana (D:4)
  4 adders
  3 dart slugs
  4 orcs (D:4)
  7 endoplasms
  2 giant cockroaches (D:1)
  3 goblins
  5 hobgoblins
  3 jackals (D:3)
  6 quokkas
  7 ball pythons
  3 bats
  5 frilled lizards
  2 kobolds
  5 rats
62 creatures vanquished.

Vanquished Creatures (collateral kills)
  An orc (D:3)
  A ball python (D:3)
2 creatures vanquished.

Grand Total: 64 creatures vanquished

Notes
Turn   | Place    | Note
-------+----------+-------------------------------------------
     0 | D:1      | Jannitor the Djinni Chaos Knight began the quest for the
                  | Orb.
     0 | D:1      | Reached XP level 1. HP: 20/20 MP: 0/0
    84 | D:1      | Reached XP level 2. HP: 24/25 MP: 0/0
   227 | D:1      | XOM: smoke on damage
   564 | D:1      | Reached XP level 3. HP: 29/30 MP: 0/0
   564 | D:1      | Learned a level 1 spell: Kiss of Death
   594 | D:1      | XOM: silly message
   654 | D:1      | XOM: silly message
   743 | D:1      | XOM: noise
  1031 | D:2      | Reached skill level 1 in Stealth
  1163 | D:2      | Reached XP level 4. HP: 35/35 MP: 0/0
  1431 | D:2      | XOM: noise
  1845 | D:3      | Reached skill level 1 in Spellcasting
  1884 | D:3      | Found a faded altar of an unknown god.
  1901 | D:3      | XOM: divination: detect creatures
  1907 | D:3      | Found a transporter.
  2088 | D:3      | Noticed corax's ghost (amateur MiFi)
  2089 | D:3      | Found a transporter.
  2169 | D:3      | Found a burning altar of Makhleb.
  2179 | D:3      | Found a glowing silver altar of Zin.
  2179 | D:3      | Noticed an angel
  2180 | D:3      | Noticed a balrug
  2197 | D:3      | Reached XP level 5. HP: 38/40 MP: 0/0
  2197 | D:3      | Learned a level 2 spell: Static Discharge
  2568 | D:4      | XOM: silly message
  2569 | D:4      | XOM: divination: detect creatures
  2572 | D:4      | XOM: enchant monster (bad)
  2622 | D:4      | Identified the +1 leather armour "Rebesec" {Will+ Str+2}
  2636 | D:4      | XOM: enchant monster (good)
  2717 | D:4      | XOM: silly message
  2724 | D:4      | XOM: divination: detect items
  2802 | D:4      | XOM: silly message
  2805 | D:4      | Reached XP level 6. HP: 37/47 MP: 0/0
  2809 | D:4      | XOM: butterfly on damage
  2813 | D:4      | Slain by an orc

Illustrated notes

Levels and vault maps discovered:
D:1:      giann_forest_graveyard, layout_basic, minmay_misc_feat_square,
          minmay_nonomino_d4
D:2:      layout_basic
D:3:      layout_loops_cross, grunt_temple_overflow_order_and_chaos_2,
          gammafunk_ghost_mausoleum, hellmonk_ecumenical_altar_arch_garden
D:4:      layout_basic, corexii_checkpoint_a, minmay_quantized, uniq_sigmund

Skill      XL: |  1  2  3  4 |
---------------+-------------+-----
Short Blades   | 3 |  3.4
Stealth        | 1 |  1.9
Spellcasting   | 1 |  1.4
Dodging        | 3 |  3.3
Fighting       | |  3.8
Armour         | |  1.0

Action                     |  1- 3 |  4- 6 || total
---------------------------+-------+-------++-------
  Melee: Short sword       |   103 |   146 ||   249
    Use: Scroll            |       |     4 ||     4
         Potion            |       |     2 ||     2
   Stab: Sleeping          |       |     4 ||     4
 Armour: Leather armour    |    35 |    33 ||    68
  Dodge: Dodged            |    54 |   105 ||   159

Table legend: (Time is in decaauts)
 A = Elapsed time spent in this place.
 B = Non-inter-level travel time spent in this place.
 C = Inter-level travel time spent in this place.
 D = Time resting spent in this place.
 E = Time spent auto-exploring this place.
 F = Levels seen in this place.
 G = Mean time per level.
                   A        B        C        D        E       F      G
               +--------+--------+--------+--------+--------+-----+--------+
         Total |   2777 |   2691 |     86 |    109 |   2099 |   4 |  694.2 |
       Dungeon |   2777 |   2691 |     86 |    109 |   2099 |   4 |  694.2 |
               +--------+--------+--------+--------+--------+-----+--------+

Top non-repeatable levels by time:
     D:1: 971 daAuts
     D:3: 832 daAuts
     D:2: 718 daAuts
     D:4: 254 daAuts
